 Dungeon Crawl Stone Soup version 0.27.1-33-g824d729ab1 (webtiles) character file.

Game seed: 9917212856886491169

2 Garessta the Grave Robber (level 1, 0/13 HPs)
             Began as a Demonspawn Necromancer on Dec 17, 2021.
             Slain by a kobold (5 damage)
             ... on level 1 of the Dungeon.
             The game lasted 00:00:39 (21 turns).

Garessta the Grave Robber (Demonspawn Necromancer)    Turns: 21, Time: 00:00:40

Health: 0/13       AC:  2    Str:  8    XL:     1   Next: 33%
Magic:  1/3        EV: 12    Int: 16    God:
Gold:   0          SH:  0    Dex: 13    Spells: 3/4 levels left

rFire    . . .     SeeInvis .   b - +0 mace
rCold    . . .     Faith    .   (no shield)
rNeg     . . .     Spirit   .   a - +0 robe
rPois    .         Reflect  .   (no helmet)
rElec    .         Harm     .   (no cloak)
rCorr    .         Rampage  .   (no gloves)
Will     .....                  (no boots)
Stlth    ++........             (no amulet)
HPRegen  0.04/turn              (no ring)
MPRegen  0.08/turn              (no ring)

@: no status effects
A: no striking features
a: no special abilities


You were on level 1 of the Dungeon.
You visited 1 branch of the dungeon, and saw 1 of its levels.

Inventory:

Hand Weapons
 b - a +0 mace (weapon)
Armour
 a - a +0 robe (worn)
Scrolls
 c - a scroll of immolation {unknown}


   Skills:
 - Level 1.7 Dodging
 - Level 1.7 Stealth
 + Level 2.0 Spellcasting
 * Level 4.5 Necromancy


You had 3 spell levels left.
You knew the following spells:

 Your Spells              Type           Power      Damage    Failure   Level
a - Pain                  Necr           64%        1d7       3%          1

Your spell library contained the following spells:

 Spells                   Type           Power      Damage    Failure   Level
 Animate Skeleton         Necr           32%        N/A       3%          1
 Vampiric Draining        Necr           8%         2d7       10%         3
 Animate Dead             Necr           8%         N/A       32%         4
 Agony                    Necr           16%        N/A       65%         5


Dungeon Overview and Level Annotations

Branches:
Dungeon (1/15)

Altars:


Message History

Will you be the one to retrieve the awesome Orb of Zot from the depths?
Press ? for a list of commands and other information.
Found a scroll labelled LAEGEPP GIBBER and a mace.
Found a staircase leading out of the dungeon.
You see here a +0 mace.
Okay, then.
b - a +0 mace (weapon)
c - a scroll labelled LAEGEPP GIBBER A kobold comes into view.
It is wielding a +0 whip.
Aiming: Pain (safe; 3% risk of failure)
Press: ? - help, Q - select action Shift-Dir - straight line, f - you
Okay, then.
Aiming: Pain (safe; 3% risk of failure)
Press: ? - help, Q - select action Shift-Dir - straight line, f - kobold
Aim: a kobold, wielding a +0 whip and quivering stones (asleep, chance to affect: 85%)
The kobold shouts!
The kobold barely resists.
A dart slug comes into view.
The kobold throws a stone.
The stone hits you.
Aiming: Pain (safe; 3% risk of failure)
Press: ? - help, Q - select action Shift-Dir - straight line, f - dart slug, p - kobold
Aim: a dart slug (chance to affect: 85%)
The dart slug writhes in agony.
Aiming: Pain (safe; 3% risk of failure)
Press: ? - help, Q - select action Shift-Dir - straight line, f/p - dart slug
Aim: a dart slug (lightly wounded, chance to affect: 85%)
The dart slug writhes in agony!
You don't have enough magic to cast this spell.
You don't have enough magic to cast this spell.
You start resting.
A dart slug is nearby!
You hit the dart slug.
You kill the dart slug!
The kobold throws a stone.
The stone barely misses you.
You don't have enough magic to cast this spell.
The kobold hits you but does no damage.
You barely miss the kobold. The kobold barely misses you.
The kobold hits you with a +0 whip.
You miss the kobold. The kobold hits you with a +0 whip.
You die...

###. ..... ####
###.#.# ....# #......
#..####.#.#.#
#...K.....#.#
###.#@#.###.###.#.#
...#......<......#
##.#.#.#.#.###.###.#.#
.......†.....#.#
###.##.###.#.#.# #.
#...... #. ###.#.# ..
..... #. ###.#


You could see a kobold.

Vanquished Creatures
  A dart slug (D:1)
1 creature vanquished.

Notes
Turn   | Place    | Note
-------+----------+-------------------------------------------
     0 | D:1      | Garessta the Demonspawn Necromancer began the quest for the
                  | Orb.
     0 | D:1      | Reached XP level 1. HP: 13/13 MP: 3/3
    21 | D:1      | Slain by a kobold

Illustrated notes

Levels and vault maps discovered:
D:1:      roderic_chinese_lattice_arrival, layout_loops_ring,
          hangedman_decor_opposing

Action                   || total
-------------------------++-------
Melee: Mace              ||     3
 Cast: Pain              ||     3
Armor: Robe              ||     1
Dodge: Dodged            ||     2
